 Dungeon Crawl Stone Soup version 0.28-a0-1234-g826d19b2e0 (webtiles) character file.

Game seed: 15226352680392896373

1343 vineage the Fighter (level 8, 0/85 HPs)
             Began as a Minotaur Fighter on Dec 23, 2021.
             Was a Believer of Okawaru.
             Slain by a seven-headed hydra (8 damage)
             ... on level 6 of the Dungeon.
             The game lasted 00:07:01 (5097 turns).

vineage the Fighter (Minotaur Fighter)              Turns: 5097, Time: 00:07:02

Health: 0/85       AC:  6    Str: 20    XL:     8   Next: 35%
Magic:  7/7        EV:  9    Int:  5    God:    Okawaru [**....]
Gold:   242        SH:  5    Dex: 13    Spells: 7/7 levels left

rFire   . . .      SeeInvis .   n - +3 whip
rCold   . . .      Faith    .   c - +0 buckler
rNeg    . . .      Spirit   .   b - +0 scale mail
rPois   +          Reflect  .   (helmet restricted)
rElec   .          Harm     .   r - scarf {repulsion}
rCorr   .          Rampage  .   (no gloves)
Will    .....                   (no boots)
Stlth   ..........              j - amulet of regeneration
HPRegen 1.04/turn               o - ring of poison resistance
MPRegen 0.10/turn               (no ring)

@: mighty, on berserk cooldown, slowed, repel missiles, very slow
A: horns 2, retaliatory headbutt
a: Renounce Religion, Heroism


You were on level 6 of the Dungeon.
You worshipped Okawaru.
Okawaru was pleased with you.
You visited 1 branch of the dungeon, and saw 6 of its levels.

You collected 242 gold pieces.

Inventory:

Hand Weapons
 a - a +0 long sword
 n - a +3 whip (weapon)
Armour
 b - a +0 scale mail (worn)
 c - a +0 buckler (worn)
 h - a +1 cloak
 r - a scarf of repulsion (worn)
Jewellery
 j - an amulet of regeneration (around neck)
 l - an amulet of faith
 o - a ring of poison resistance (left hand)
Scrolls
 e - a scroll of enchant armour
 f - a scroll of teleportation
 g - 2 scrolls of amnesia
 p - a scroll of blinking {unknown}
 s - a scroll of fog
Potions
 k - a potion of haste {unknown}
 m - a potion of resistance
 q - a potion of mutation {unknown}


   Skills:
 + Level 12.6 Fighting
 - Level 2.4 Long Blades
 - Level 3.6 Armour
 - Level 3.6 Shields


You had 7 spell levels left.
You didn't know any spells.
Your spell library contained the following spells:

 Spells                   Type           Power      Damage    Failure   Level
 Ensorcelled Hibernation  Hex/Ice        0%         N/A       93%         2
 Ozocubu's Armour         Ice            0%         N/A       99%         3
 Spider Form              Tmut/Pois      0%         N/A       99%         3
 Ozocubu's Refrigeration  Ice            0%         4d5       100%        7


Dungeon Overview and Level Annotations

Branches:
Dungeon (6/15)             Temple (0/1) D:4

Altars:
Ashenzari
Gozag
Hepliaklqana
Kikubaaqudgha
Okawaru


Innate Abilities, Weirdness & Mutations

You have a pair of horns on your head.
You reflexively headbutt those who attack you in melee.


Message History

You feel very mighty all of a sudden. The seven-headed hydra bites you!
You block the seven-headed hydra's attack.
The seven-headed hydra closely misses you.
The seven-headed hydra bites you. The seven-headed hydra bites you! x2
You block the seven-headed hydra's attack.
A red film seems to cover your vision as you go berserk!
You feel yourself moving faster!
You feel mighty!
The seven-headed hydra barely misses you. x2
The seven-headed hydra bites you!
The seven-headed hydra barely misses you.
You block the seven-headed hydra's attack.
The seven-headed hydra bites you.
The seven-headed hydra bites you but does no damage.
You whack the seven-headed hydra! You headbutt the seven-headed hydra!
The seven-headed hydra is moderately wounded.
The seven-headed hydra bites you. The seven-headed hydra bites you!
The seven-headed hydra bites you.
You block the seven-headed hydra's attack.
The seven-headed hydra bites you but does no damage.
The seven-headed hydra bites you! x2
* * * LOW HITPOINT WARNING * * *
You feel a strong urge to attack something.
You feel your anger nearly subside.
You are no longer berserk.
You are exhausted.
You feel yourself slow down.
The seven-headed hydra bites you but does no damage. x2
The seven-headed hydra bites you!
* * * LOW HITPOINT WARNING * * *
The seven-headed hydra bites you!
* * * LOW HITPOINT WARNING * * *
The seven-headed hydra barely misses you.
The seven-headed hydra bites you!
* * * LOW HITPOINT WARNING * * *
The seven-headed hydra barely misses you.
Okay, then.
The seven-headed hydra closely misses you.
You furiously retaliate!
You headbutt the seven-headed hydra!! The seven-headed hydra bites you!
You die...

# #.# # #.# # #.## # #.#
. .... # #.# .##..#
###.##### ...##
........##### ##...###
###.###.....####
##..#...###. #.#
#####....#####..#........
#<# ####lD@..<...).......
#.# #......)..<......#
#.# #)#..#############
#.# .......## #(.
......## ..###### .


You could see a seven-headed hydra and an iguana.

Vanquished Creatures
  The ghost of jbasstz the Ruffian, a novice TrBe of Trog (D:5)
  A black bear (D:5)
  A necrophage (D:4)
  A sky beast (D:4)
  A water moccasin skeleton (D:4)
  A jelly (D:5)
  A bullfrog skeleton (D:5)
  Crazy Yiuf (D:2)
  A bullfrog zombie (D:5)
  A centaur skeleton (D:6)
  3 orc priests
  Jessica (D:2)
  An iguana (D:5)
  6 orc wizards
  Natasha (twice) (D:2)
  2 hound skeletons
  4 gnolls (D:3)
  6 adders
  A worm (D:3)
  3 dart slugs
  14 orcs
  9 endoplasms
  2 giant cockroaches
  8 goblins
  8 hobgoblins
  10 jackals
  7 kobolds
  5 quokkas
  6 ball pythons
  5 bats
  3 rats (D:1)
116 creatures vanquished.

Vanquished Creatures (others)
  2 fungi (D:2)
  A plant (D:2)
3 creatures vanquished.

Grand Total: 119 creatures vanquished

Notes
Turn   | Place    | Note
-------+----------+-------------------------------------------
     0 | D:1      | vineage the Minotaur Fighter began the quest for the Orb.
     0 | D:1      | Reached XP level 1. HP: 19/19 MP: 0/0
   180 | D:1      | Reached skill level 4 in Fighting
   184 | D:1      | Reached XP level 2. HP: 25/28 MP: 1/1
   654 | D:2      | Reached skill level 5 in Fighting
   685 | D:2      | Found a faded altar of an unknown god.
   851 | D:2      | Reached XP level 3. HP: 32/36 MP: 2/2
   897 | D:2      | Found a runed translucent door.
   898 | D:2      | Noticed Crazy Yiuf
   946 | D:2      | Noticed Jessica
   949 | D:2      | Killed Jessica
  1051 | D:2      | Noticed Natasha
  1054 | D:2      | Killed Natasha
  1055 | D:2      | Reached skill level 6 in Fighting
  1055 | D:2      | Reached XP level 4. HP: 44/44 MP: 3/3
  1100 | D:2      | Noticed Natasha
  1109 | D:2      | Killed Natasha
  1377 | D:2      | Killed Crazy Yiuf
  1378 | D:2      | Reached skill level 7 in Fighting
  1378 | D:2      | Reached XP level 5. HP: 21/52 MP: 4/4
  1755 | D:3      | Found an iron altar of Okawaru.
  1909 | D:3      | Became a worshipper of Warmaster Okawaru
  1975 | D:3      | Found a broken altar of Ashenzari.
  1976 | D:3      | You fall into a shaft and drop 1 floor!
  2158 | D:3      | Found a faded altar of an unknown god.
  2162 | D:3      | Found an opulent altar of Gozag.
  2332 | D:4      | Reached skill level 8 in Fighting
  2377 | D:4      | Noticed a sky beast
  2386 | D:4      | Killed a sky beast
  2387 | D:4      | Reached XP level 6. HP: 62/62 MP: 5/5
  2471 | D:4      | Reached skill level 9 in Fighting
  2653 | D:4      | Found a staircase to the Ecumenical Temple.
  2676 | D:4      | Reached XP level 7. HP: 55/71 MP: 6/6
  3051 | D:5      | Entered Level 5 of the Dungeon
  3119 | D:5      | Reached skill level 10 in Fighting
  3134 | D:5      | Reached * piety under Okawaru
  4090 | D:5      | Reached skill level 11 in Fighting
  4463 | D:5      | Found a hazy altar of Hepliaklqana.
  4464 | D:5      | Found an ancient bone altar of Kikubaaqudgha.
  4556 | D:5      | Found a large runed translucent door.
  4557 | D:5      | Found a large runed translucent door.
  4560 | D:5      | Noticed jbasstz's ghost (novice TrBe)
  4878 | D:5      | Killed jbasstz's ghost
  4878 | D:5      | Reached ** piety under Okawaru
  4879 | D:5      | Reached skill level 12 in Fighting
  4879 | D:5      | Reached XP level 8. HP: 29/85 MP: 7/7
  5054 | D:6      | Noticed a seven-headed hydra
  5097 | D:6      | Slain by a seven-headed hydra

Illustrated notes

Levels and vault maps discovered:
D:1:      minmay_arrival_pointy, layout_rooms, lemuel_another_geyser
D:2:      layout_loops_ring, shapermc_ecumenical_altar_acropolis, minmay_cupped,
          uniq_natasha, uniq_jessica, uniq_crazy_yiuf_cottage
D:3:      layout_loops_cross, okawaru_altar_gauntlet_db,
          nicolae_overflow_ecumenical_swirl, cheibrodos_ashenzari_chains
D:4:      layout_loops_ring, minmay_temple_entry_glassed_door,
          minmay_diced_spiral
D:5:      nicolae_cairo_tiling_large, layout_layer_cave,
          nicolae_overflow_squiral, ebering_ghost_disaster_area
D:6:      layout_rooms

Skill      XL: |  1  2  3  4  5  6  7 |
---------------+----------------------+-----
Fighting       | 4 5 6 7 8 9 12 | 12.6
Long Blades    | |  2.4
Armour         | |  3.6
Shields        | |  3.6

Action                   |  1- 3 |  4- 6 |  7- 9 || total
-------------------------+-------+-------+-------++-------
Melee: Long sword        |    54 |    98 |       ||   152
       Headbutt          |     9 |    25 |    28 ||    62
       Whip              |       |    39 |   128 ||   167
  Use: Scroll            |     4 |     2 |     4 ||    10
       Potion            |       |       |     3 ||     3
Armor: Scale mail        |    23 |    71 |    53 ||   147
Dodge: Dodged            |    26 |    55 |    52 ||   133
       Repelled          |       |       |     1 ||     1
Block: Buckler           |    15 |    27 |    27 ||    69

Table legend: (Time is in decaauts)
 A = Elapsed time spent in this place.
 B = Non-inter-level travel time spent in this place.
 C = Inter-level travel time spent in this place.
 D = Time resting spent in this place.
 E = Time spent auto-exploring this place.
 F = Levels seen in this place.
 G = Mean time per level.
                   A        B        C        D        E       F      G
               +--------+--------+--------+--------+--------+-----+--------+
         Total |   5181 |   4920 |    261 |    602 |   3459 |   6 |  863.5 |
       Dungeon |   5181 |   4920 |    261 |    602 |   3459 |   6 |  863.5 |
               +--------+--------+--------+--------+--------+-----+--------+

Top non-repeatable levels by time:
     D:5: 1936 daAuts
     D:2: 905 daAuts
     D:3: 864 daAuts
     D:4: 757 daAuts
     D:1: 591 daAuts
     D:6: 125 daAuts
